 Dungeon Crawl Stone Soup version 0.28-a0-653-g7e9dba17c3 (webtiles) character file.

Game seed: 6296968486132197520

1948 MacCMillion the Grappler (level 8, -2/79 HPs)
             Began as a Troll Monk on Oct 12, 2021.
             Was a Plaything of Xom.
             Slain by a tengu (4 damage)
             ... on level 6 of the Dungeon.
             The game lasted 00:11:08 (4905 turns).

MacCMillion the Grappler (Troll Monk)               Turns: 4905, Time: 00:11:08

Health: -2/79      AC:  6    Str: 22    XL:     8   Next: 98%
Magic:  7/7        EV: 11    Int:  6    God:    Xom [*.....]
Gold:   385        SH:  0    Dex: 12    Spells: 3/7 levels left

rFire   . . .      SeeInvis .     - Unarmed
rCold   . . .      Faith    .   (no shield)
rNeg    . . .      Spirit   .   a - +0 robe
rPois   .          Reflect  .   h - +1 hat
rElec   .          Harm     .   o - +0 cloak
rCorr   .          Rampage  .   (gloves unavailable)
Will    .....                   (boots unavailable)
Stlth   ++........              (no amulet)
HPRegen 1.23/turn               (no ring)
MPRegen 0.10/turn               (no ring)

@: no status effects
A: large, unfitting armour, claws 3, regeneration 1, shaggy fur 1, tough skin 1
a: Renounce Religion


You were on level 6 of the Dungeon.
You worshipped Xom.
You were a special plaything of Xom.
You visited 1 branch of the dungeon, and saw 7 of its levels.

You collected 385 gold pieces.

Inventory:

Hand Weapons
 n - a +0 giant spiked club
 r - a +5 dire flail of protection
Missiles
 l - 16 poisoned darts (quivered)
 q - 101 arrows
Armour
 a - a +0 robe (worn)
 h - a +1 hat (worn)
 o - a +0 cloak (worn)
Jewellery
 p - an amulet of reflection
Wands
 c - a wand of acid (5)
 f - a wand of mindburst (20)
 y - a wand of paralysis (13)
Scrolls
 b - 2 scrolls of identify {unknown}
 g - 4 scrolls of teleportation
 i - a scroll of vulnerability {unknown}
 m - a scroll of immolation {unknown}
 s - a scroll of fog {unknown}
 w - a scroll of enchant weapon {unknown}
Potions
 d - 5 potions of heal wounds {unknown}
 e - a potion of invisibility {unknown}
 j - a potion of flight {unknown}
 k - 2 potions of attraction {unknown}
 t - a potion of mutation {unknown}
 u - a potion of lignification {unknown}
 v - 2 potions of haste {unknown}
 x - a potion of cancellation {unknown}


   Skills:
 + Level 4.6 Fighting
 - Level 5.0 Dodging
 - Level 1.1 Stealth
 * Level 9.0 Unarmed Combat
 + Level 0.5 Transmutations
 + Level 3.1 Earth Magic


You had 3 spell levels left.
You knew the following spells:

 Your Spells              Type           Power      Damage    Failure   Level
a - Petrify               Tmut/Erth      2%         N/A       94%         4

Your spell library contained the following spells:

 Spells                   Type           Power      Damage    Failure   Level
 Sublimation of Blood     Necr           0%         N/A       58%         2
 Ignite Poison            Fire/Tmut/Pois 0%         N/A       80%         3
 Mephitic Cloud           Conj/Pois/Air  0%         N/A       83%         3
 Freezing Cloud           Conj/Ice/Air   0%         6-21      100%        5
 Irradiate                Conj/Tmut      0%         3d14      100%        5


Dungeon Overview and Level Annotations

Branches:
Dungeon (7/15)             Temple (0/1) D:4

Altars:
Dithmenos
Gozag
Hepliaklqana
Kikubaaqudgha
Sif Muna
Vehumet
Xom


Innate Abilities, Weirdness & Mutations

You are too large for most types of armour.
You have claws for hands.
Your natural rate of healing is unusually fast.
You are covered in fur. (AC +1)
You have tough skin. (AC +1)


Message History

The bullfrog closely misses you.
A bullfrog comes into view.
The bullfrog croaks.
The bullfrog hits you.
The bullfrog releases a deep croak.
There is a stone staircase leading up here.
The bullfrog hits you but does no damage.
The bullfrog hits you!
You climb upwards.
There is a stone staircase leading down here.
You mangle the bullfrog!! You claw the bullfrog.
You kill the bullfrog!
Your Unarmed Combat skill increases to level 9!
You see here a bullfrog corpse.
There is a stone staircase leading down here.
You start resting.
HP restored.
You climb downwards.
The bullfrog hits you. The tengu hits you.
The tengu pecks you but does no damage. The tengu claws you.
The two-headed ogre hits you with a +0 giant club!!
A shower of butterflies erupts from you!
You emit a cloud of colourful smoke!
The two-headed ogre hits you with a +0 giant spiked club!
There is a stone staircase leading up, spattered with blood here.
The bullfrog barely misses you. The tengu misses you. The tengu pecks you.
The tengu barely misses you. The bullfrog closely misses you.
The two-headed ogre hits you with a +0 giant club!
* * * LOW HITPOINT WARNING * * *
The two-headed ogre hits you with a +0 giant spiked club!
* * * LOW HITPOINT WARNING * * *
You climb upwards. "Hum-dee-hum-dee-hum..."
The two-headed ogre evaporates and reforms as a glowing shapeshifter!
You are now a special plaything of Xom.
There is a stone staircase leading down here.
The bullfrog hits you.
* * * LOW HITPOINT WARNING * * *
The tengu closely misses you. The tengu pecks you.
You die...
Xom titters!

#.##.##..#######..# #.###.#
#.................# #.# #.#
####......#######'## #.###.#
#.####.# ##...## #.....#
#.####.# ##.....#####.###
#.##.#.# ##.......## #.#.##
####......###.........###....##
............'..>F†....'.......#
####.#......#...@>p...###....##
#......#.##..Q....## #.#.##
###..###.###.....## #.#### #..#
#.# ##...## #....# #.## #.#
##'## ####.# #.# #.# #.# #.#
#.####.# #.# #.# #......# ##.##
#.# #.###### ##...#########.#


You could see a glowing shapeshifter, a bullfrog and a tengu.

Vanquished Creatures
  Menkaure (D:5)
  Edmund (D:5)
  3 black bears
  A hornet zombie (D:7)
  A sky beast (D:5)
  A necrophage (D:5)
  3 ogres
  A phantom (D:5)
  A centaur (D:6)
  A kobold brigand (D:6)
  A bullfrog (D:6)
  A scorpion (D:7)
  A water moccasin skeleton (D:5)
  A bullfrog zombie (D:7)
  A gnoll shaman (D:6)
  An orc priest (D:5)
  A bullfrog skeleton (D:5)
  4 hounds
  A jelly (D:7)
  2 iguanas (D:5)
  An orc wizard (D:5)
  2 hound skeletons
  11 adders
  9 gnolls
  A howler monkey skeleton (D:7)
  An adder skeleton (D:4)
  An adder zombie (D:5)
  3 worms
  2 dart slugs
  8 orcs
  6 bats
  9 endoplasms
  3 giant cockroaches
  5 goblins
  7 hobgoblins
  3 quokkas
  5 ball pythons
  4 frilled lizards
  7 kobolds
  5 rats
121 creatures vanquished.

Notes
Turn   | Place    | Note
-------+----------+-------------------------------------------
     0 | D:1      | MacCMillion the Troll Monk began the quest for the Orb.
     0 | D:1      | Reached XP level 1. HP: 22/22 MP: 0/0
    86 | D:1      | Reached XP level 2. HP: 29/29 MP: 1/1
    90 | D:1      | Found a faded altar of an unknown god.
   103 | D:1      | Prayed at the altar of an unknown god.
   103 | D:1      | Became a worshipper of Xom of Bloodstained Whimsey
   481 | D:1      | XOM: silly message
   592 | D:1      | Reached XP level 3. HP: 33/36 MP: 2/2
   655 | D:2      | XOM: silly message
   814 | D:2      | Reached skill level 4 in Unarmed Combat
   890 | D:2      | XOM: silly message
   986 | D:2      | Reached XP level 4. HP: 37/44 MP: 3/3
  1302 | D:2      | XOM: silly message
  1520 | D:3      | XOM: smoke on damage
  1524 | D:3      | Reached XP level 5. HP: 49/50 MP: 4/4
  1561 | D:3      | Reached skill level 5 in Unarmed Combat
  1596 | D:3      | XOM: silly message
  1775 | D:3      | Found an opulent altar of Gozag.
  2129 | D:4      | Noticed an ogre
  2137 | D:4      | Killed an ogre
  2138 | D:4      | Reached XP level 6. HP: 48/59 MP: 5/5
  2147 | D:4      | XOM: divination: magic mapping
  2257 | D:4      | Reached skill level 6 in Unarmed Combat
  2279 | D:4      | XOM: silly message
  2286 | D:4      | Found a staircase to the Ecumenical Temple.
  2486 | D:4      | Noticed a rust devil
  2599 | D:4      | Noticed an angel
  2721 | D:4      | XOM: god gift: 10 arrows
  2733 | D:4      | Found a shadowy altar of Dithmenos.
  3047 | D:4      | XOM: summons 4 hostile demons
  3090 | D:5      | Entered Level 5 of the Dungeon
  3102 | D:5      | Noticed Menkaure
  3107 | D:5      | XOM: smoke on damage
  3112 | D:5      | Killed Menkaure
  3113 | D:5      | Reached XP level 7. HP: 35/67 MP: 6/6
  3116 | D:5      | Noticed Edmund
  3124 | D:5      | XOM: divination: magic mapping
  3127 | D:5      | Killed Edmund
  3209 | D:5      | Reached skill level 7 in Unarmed Combat
  3214 | D:5      | Learned a level 4 spell: Petrify
  3261 | D:5      | Found a shimmering blue altar of Sif Muna.
  3276 | D:5      | Reached skill level 1 in Earth Magic
  3353 | D:5      | XOM: fog
  3367 | D:5      | Reached XP level 8. HP: 37/78 MP: 7/7
  3477 | D:5      | XOM: god gift: scroll of teleportation
  3581 | D:5      | Found a shimmering altar of Xom.
  3745 | D:5      | XOM: summons 5 hostile demons
  3859 | D:6      | XOM: 2-stop teleportation journey
  3964 | D:6      | Reached skill level 5 in Dodging
  3964 | D:6      | Reached skill level 8 in Unarmed Combat
  4097 | D:6      | XOM: divination: detect creatures
  4232 | D:6      | XOM: fog
  4294 | D:6      | Found a hazy altar of Hepliaklqana.
  4439 | D:6      | XOM: scenery: create altars
  4749 | D:7      | Found a radiant altar of Vehumet.
  4752 | D:7      | XOM: divine lightning
  4790 | D:7      | Found an ancient bone altar of Kikubaaqudgha.
  4819 | D:7      | XOM: god gift: wand of paralysis (13)
  4848 | D:7      | XOM: polymorph wyvern -> tengu
  4850 | D:7      | Noticed a two-headed ogre
  4852 | D:7      | XOM: cast spell 'Summon Small Mammal'
  4885 | D:6      | Reached skill level 9 in Unarmed Combat
  4902 | D:7      | XOM: butterfly on damage
  4902 | D:7      | XOM: smoke on damage
  4903 | D:7      | HP: 2/79 [two-headed ogre (15)]
  4904 | D:6      | Noticed a glowing shapeshifter
  4904 | D:6      | a two-headed ogre changed into a glowing shapeshifter
  4904 | D:6      | XOM: polymorph two-headed ogre -> glowing shapeshifter
  4905 | D:6      | Slain by a tengu

Illustrated notes

Levels and vault maps discovered:
D:1:      dpeg_arrival_stonehenge_8_columns, layout_loops_ring,
          basic_ecumenical_altar
D:2:      layout_basic
D:3:      layout_loops_ring, grunt_gozag_statues
D:4:      layout_layer_cave, marbit_many_paths, temple_garden
D:5:      layout_basic, nicolae_sif_muna_condensation,
          mainiacjoe_overflow_boulevard, grunt_decor_fettered, uniq_menkaure,
          uniq_edmund
D:6:      layout_loops_corners, amcnicky_altar_gilded
D:7:      layout_cave_pools, lemuel_crystal_altar,
          mainiacjoe_overflow_tiny_flanked, mainiacjoe_overflow_brackets,
          nicolae_kikubaaqudgha_miasma_corner, kennysheep_generic_room_13

Skill      XL: |  1  2  3  4  5  6  7  8 |
---------------+-------------------------+-----
Unarmed Combat | 4 5 6 7 9 |  9.0
Dodging        | 3 4 5 |  5.0
Fighting       | 3 4 |  4.6
Earth Magic    | 1 3 |  3.1
Stealth        | |  1.1
Transmutations | |  0.5

Action                   |  1- 3 |  4- 6 |  7- 9 || total
-------------------------+-------+-------+-------++-------
Melee: Unarmed           |    83 |   158 |   136 ||   377
       Punch             |     1 |     3 |     8 ||    12
  Use: Scroll            |       |     1 |       ||     1
 Stab: Sleeping          |     1 |     5 |     2 ||     8
       Distracted        |       |     1 |       ||     1
Armor: Robe              |    30 |    47 |    42 ||   119
Dodge: Dodged            |    38 |    80 |    85 ||   203

Table legend: (Time is in decaauts)
 A = Elapsed time spent in this place.
 B = Non-inter-level travel time spent in this place.
 C = Inter-level travel time spent in this place.
 D = Time resting spent in this place.
 E = Time spent auto-exploring this place.
 F = Levels seen in this place.
 G = Mean time per level.
                   A        B        C        D        E       F      G
               +--------+--------+--------+--------+--------+-----+--------+
         Total |   4865 |   4702 |    163 |    284 |   3487 |   7 |  695.0 |
       Dungeon |   4865 |   4702 |    163 |    284 |   3487 |   7 |  695.0 |
               +--------+--------+--------+--------+--------+-----+--------+

Top non-repeatable levels by time:
     D:4: 1027 daAuts
     D:6: 958 daAuts
     D:2: 794 daAuts
     D:5: 674 daAuts
     D:1: 631 daAuts
     D:3: 616 daAuts
     D:7: 162 daAuts
